 Dungeon Crawl Stone Soup version 0.31-a0-868-g674d60d6f7 (webtiles) character file.

Game seed: 13484506313439636860

9078 Pooter the Cleaver (level 11, 0/99 HPs)
             Began as a Minotaur Fighter on Oct 10, 2023.
             Was a Priest of Okawaru.
             Slain by a thrashing horror (4 damage)
             ... on level 2 of the Abyss on Oct 11, 2023.
             The game lasted 00:58:50 (10671 turns).

Pooter the Cleaver (Minotaur Fighter)              Turns: 10671, Time: 00:58:50

Health: 0/99       AC: 17    Str: 24    XL:     11   Next: 18%
Magic:  13/14      EV:  6    Int:  5    God:    Okawaru [***...]
Gold:   342        SH:  0    Dex: 11    Spells: 10/10 levels left

rFire   . . .        a - +5 broad axe (distort) {!w}
rCold   + . .        (no shield)
rNeg    . . .        P - +3 plate armour
rPois   .            (helmet restricted)
rElec   .            (no cloak)
rCorr   +            (no gloves)
SInv    .            E - +2 pair of boots
Will    .....        l - amulet of regeneration Stlth
                     I - ring of protection from cold
HPRegen 1.16/turn    C - ring of resist corrosion
MPRegen 0.14/turn

%: no passive effects
@: no status effects
A: horns 2, retaliatory headbutt
a: Renounce Religion, Heroism


You were on level 2 of the Abyss.
You worshipped Okawaru.
Okawaru was most pleased with you.
You visited 2 branches of the dungeon, and saw 10 of its levels.
You visited the Abyss 1 time.
You also visited: Sewer.

You collected 417 gold pieces.
You spent 75 gold pieces at shops.

Inventory:

Hand Weapons
 a - a +5 broad axe of distortion (weapon) {!w}
   (You acquired it on level 8 of the Dungeon)
 b - a +2 arbalest
   (You found it on level 7 of the Dungeon)
 i - a +2 war axe of protection
 q - a +0 morningstar
   (You took it off an orc on level 3 of the Dungeon)
 B - a +0 flail of draining
   (You took it off Edmund on level 4 of the Dungeon)
 H - a +0 trident
   (You found it on level 5 of the Dungeon)
 J - a +0 sling
   (You took it off a goblin on level 3 of the Dungeon)
 M - a +0 orcbow
   (You took it off a centaur on level 5 of the Dungeon)
 N - a +0 scimitar of flaming
   (You took it off Erica on level 8 of the Dungeon)
Missiles
 s - 28 poisoned darts
 y - 10 boomerangs (quivered)
 O - 6 javelins
 Q - 90 stones
Armour
 c - a +0 buckler
 E - a +2 pair of boots (worn)
   (You found it on level 4 of the Dungeon)
 P - a +3 plate armour (worn)
   (You took it off an orc warrior on level 9 of the Dungeon)
Jewellery
 l - an amulet of regeneration (around neck)
   (You found it on level 7 of the Dungeon)
 C - a ring of resist corrosion (right hand)
   (You found it on level 2 of the Dungeon)
 I - a ring of protection from cold (left hand)
   (You found it on level 2 of the Dungeon)
Wands
 f - a wand of flame (34)
   (You took it off Ijyb on level 3 of the Dungeon)
 K - a wand of roots (3)
   (You found it on level 7 of the Dungeon)
Scrolls
 e - a scroll of immolation {!r}
 g - a scroll of vulnerability {!r}
 h - 4 scrolls of amnesia
 k - 3 scrolls of fear
 p - a scroll of fog
 t - 6 scrolls of teleportation {@r4}
 A - 3 scrolls of blinking
Potions
 d - 3 potions of might
 j - 2 potions of attraction {unknown}
 m - 4 potions of magic
 n - 2 potions of lignification {!q}
 o - 2 potions of haste {@q3}
 r - 3 potions of mutation {!q}
 u - a potion of brilliance
 v - 2 potions of degeneration {!q}
 x - 3 potions of curing {unknown}
 D - a potion of heal wounds {unknown}
 F - 2 potions of invisibility {unknown}
 G - a potion of enlightenment {unknown}


   Skills:
 + Level 10.0 Fighting
 * Level 13.4 Axes
 * Level 10.4 Ranged Weapons
 - Level 3.6 Armour
 - Level 3.6 Shields
 + Level 5.5 Invocations


You had 10 spell levels left.
You didn't know any spells.
Your spell library contained the following spells:

 Spells                   Type           Power      Damage    Failure   Level
 Sandblast                Erth           0%         2d4       100%        1
 Lesser Beckoning         Tloc           0%         N/A       100%        2
 Passwall                 Tmut/Erth      0%         N/A       100%        2
 Scorch                   Fire           0%         2d5       100%        2
 Gell's Gravitas          Tloc           0%         N/A       100%        3
 Inner Flame              Hex/Fire       0%         N/A       100%        3
 Stone Arrow              Conj/Erth      0%         3d7       100%        3
 Teleport Other           Tloc           0%         N/A       100%        3
 Brom's Barrelling Bould  Conj/Erth      0%         2d3       100%        4
 Flame Wave               Conj/Fire      0%         2d4       100%        4
 Yara's Violent Unravell  Hex/Tmut       0%         3d3       100%        5
 Enfeeble                 Hex            0%         N/A       100%        7
 Summon Cactus Giant      Summ           Unusable   N/A       N/A         6

Dungeon Overview and Level Annotations

Branches:
Dungeon (9/15) Zot: 26589  Temple (1/1) D:4 Zot: 5976   Sewer (visited)
   Lair: D:8-11         Orc: D:9-12

Altars:
Ashenzari
Dithmenos
Fedhas
Gozag
Hepliaklqana
Makhleb
Nemelex Xobeh
Okawaru
Qazlal
Ru
Sif Muna
Uskayaw
Vehumet
Wu Jian
Xom
Yredelemnul
Zin
The Shining One

Shops:
D:3 *   D:5 *

Annotations:
D:6 1 runed translucent door
Abyss:1 Jeremiah


Innate Abilities, Weirdness & Mutations

You have a pair of horns on your head.
You reflexively headbutt those who attack you in melee.


Message History

The thrashing horror seems to grow stronger.
The rakshasa barely misses you.
The starspawn tentacle loses its grip on you.
The tentacle pulls you backwards!
Splash!
You hit the starspawn tentacle.
You hit the starspawn tentacle but do no damage.
Space warps around the starspawn tentacle.
You closely miss the thrashing horror.
You hit the tentacled starspawn but do no damage.
Space warps around the tentacled starspawn.
The thrashing horror completely misses you.
The thrashing horror tramples you but does no damage.
The starspawn tentacle completely misses you.
The starspawn tentacle grabs you. The starspawn tentacle constricts you.
* * * LOW HITPOINT WARNING * * *
The rakshasa blinks!
The thrashing horror tramples you!
* * * LOW HITPOINT WARNING * * *
You are held in place!
The thrashing horror tramples you.
* * * LOW HITPOINT WARNING * * *
You are held in place!
The starspawn tentacle loses its grip on you.
The tentacle pulls you backwards!
Splash!
Your unstable footing causes you to fumble your attack.
The thrashing horror tramples you!!
* * * LOW HITPOINT WARNING * * *
You hold your ground!
The thrashing horror barely misses you. The starspawn tentacle grabs you.
The starspawn tentacle constricts you.
The rakshasa hits you from afar with a +0 trident.
* * * LOW HITPOINT WARNING * * *
The starspawn tentacle loses its grip on you.
The tentacle pulls you backwards!
Splash!
A tentacle flies out from the starspawn's body!
A starspawn tentacle comes into view.
Unknown command.
You slash the starspawn tentacle!
Space warps around the starspawn tentacle!
You destroy the starspawn tentacle!
You barely miss the rakshasa.
You destroy the tentacled starspawn!
Okawaru is honoured by your kill.
The starspawn's tentacles wither and die.
The thrashing horror closely misses you.
The thrashing horror tramples you but does no damage.
The rakshasa hits you but does no damage.
Your Fighting skill increases to level 10!
The thrashing horror barely misses you. The thrashing horror tramples you.
You die...

≈≈ ≈~~ . .# ..X
# .. #~~~~~~.
#.# # .#.#
~~~~≈~#. .# ###
~~~~~...#.# .
≈≈≈~♣x#.### #
#####~≈##.####.
....~~~#.#....#
.#R~...####. #
#~~@..#
#~X...##
#~~#.#.#
.......#~X.x.#
.....8.#~│.#.#
..♣≈...~~.w#.#
....8.#§.#.##
.......#4.....
....~8.
#§...#.#


You could see a rakshasa, an orange demon, a thrashing horror (strong), a small
abomination and a starspawn tentacle.

Vanquished Creatures
  A tentacled starspawn (Abyss:2)
  Erica (D:8)
  Pikel (D:6)
  An orange demon (Abyss:2)
  An unseen horror (Abyss:2)
  A troll (D:8)
  5 starcursed masses (Abyss:2)
  Prince Ribbit (D:5)
  A hornet (D:7)
  A wraith (D:8)
  A yak (D:9)
  A chaos spawn (Abyss:2)
  2 steam dragons
  Edmund (D:4)
  Menkaure (D:5)
  A water moccasin (D:8)
  A small abomination (Abyss:2)
  An orc warrior (D:9)
  A large abomination (Abyss:2)
  Duvessa (D:6)
  A sky beast (D:8)
  2 ogres
  A black bear (D:8)
  3 ice beasts
  4 centaurs
  2 lemures (D:6)
  Blork the orc (D:5)
  2 kobold brigands
  A necrophage (D:6)
  3 bullfrogs
  2 scorpions
  4 wights (D:8)
  Dowan (D:6)
  A vampire bat (D:5)
  4 jellies
  4 hounds
  A gnoll bouda (D:8)
  3 orc priests
  A sleepcap (D:6)
  14 orc wizards
  An iguana (D:6)
  Ijyb (D:3)
  A hound skeleton (D:6)
  8 adders
  7 gnolls
  4 white imps
  2 ufetubi
  5 worms
  3 fire bats (D:5)
  48 orcs
  2 spectral bats (D:5)
  5 ball pythons
  3 bat skeletons (D:5)
  A bat zombie (D:5)
  4 endoplasms
  6 giant cockroaches
  8 goblins
  12 hobgoblins
  3 jackals (D:4)
  24 kobolds
  4 quokkas (D:3)
  17 bats
  A bat simulacrum (D:5)
  6 frilled lizards
  2 goblin zombies (D:6)
  6 rats
  2 starspawn tentacles (Abyss:2)
266 creatures vanquished.

Vanquished Creatures (others)
  10 starspawn tentacles (Abyss:2)
10 creatures vanquished.

Grand Total: 276 creatures vanquished

Notes
Turn   | Place    | Note
-------+----------+-------------------------------------------
     0 | D:1      | Pooter the Minotaur Fighter began the quest for the Orb.
     0 | D:1      | Reached XP level 1. HP: 19/19 MP: 0/0
   184 | D:1      | Reached skill level 3 in Axes
   275 | D:1      | Reached XP level 2. HP: 27/27 MP: 1/1
   743 | D:2      | Found a faded altar of an unknown god.
   754 | D:2      | Reached XP level 3. HP: 33/33 MP: 2/2
   854 | D:2      | Reached skill level 4 in Axes
  1400 | D:3      | Reached XP level 4. HP: 41/41 MP: 3/3
  1575 | D:3      | Found a sacrificial altar of Ru.
  1580 | D:3      | Reached skill level 5 in Axes
  1580 | D:3      | Reached skill level 1 in Ranged Weapons
  1617 | D:3      | Found a glowing drain.
  1639 | Sewer    | Entered a sewer
  1963 | Sewer    | Noticed a kobold brigand
  1969 | Sewer    | Killed a kobold brigand
  1970 | Sewer    | Reached skill level 5 in Fighting
  1970 | Sewer    | Reached XP level 5. HP: 27/48 MP: 4/4
  2818 | D:3      | Found Cimuotri's General Store.
  2823 | D:3      | Bought a scroll of blinking for 75 gold pieces
  2828 | D:3      | Noticed Ijyb
  2843 | D:3      | Killed Ijyb
  3155 | D:4      | Noticed Edmund
  3173 | D:4      | Killed Edmund
  3174 | D:4      | Reached skill level 6 in Axes
  3174 | D:4      | Reached XP level 6. HP: 32/55 MP: 5/5
  3557 | D:4      | Found an opulent altar of Gozag.
  3560 | D:4      | Found a staircase to the Ecumenical Temple.
  3569 | Temple   | Entered the Ecumenical Temple
  3989 | D:4      | Reached skill level 7 in Axes
  3989 | D:4      | Reached XP level 7. HP: 54/62 MP: 6/6
  4291 | D:5      | Entered Level 5 of the Dungeon
  4305 | D:5      | Found an iron altar of Okawaru.
  4313 | D:5      | Became a worshipper of Warmaster Okawaru
  4332 | D:5      | Noticed Prince Ribbit
  4344 | D:5      | Killed Prince Ribbit
  4345 | D:5      | Reached skill level 8 in Axes
  4345 | D:5      | Reached XP level 8. HP: 36/71 MP: 7/7
  4581 | D:5      | Noticed Menkaure
  4645 | D:5      | Killed Menkaure
  4645 | D:5      | Reached * piety under Okawaru
  4903 | D:5      | Found a shimmering blue altar of Sif Muna.
  4905 | D:5      | Noticed Blork the orc
  4912 | D:5      | Killed Blork the orc
  4913 | D:5      | Reached skill level 9 in Axes
  4948 | D:5      | Found Wierhuti's Mass Market.
  5041 | D:5      | Reached skill level 5 in Ranged Weapons
  5369 | D:5      | Found a blossoming altar of Fedhas.
  5650 | D:5      | Reached skill level 1 in Invocations
  5917 | D:6      | Found a glowing golden altar of the Shining One.
  6195 | D:6      | Found a runed translucent door.
  6197 | D:6      | Found a basalt altar of Yredelemnul.
  6278 | D:6      | Reached skill level 10 in Axes
  6321 | D:6      | Noticed Pikel
  6340 | D:6      | Killed Pikel
  6340 | D:6      | Reached ** piety under Okawaru
  6341 | D:6      | Reached XP level 9. HP: 43/81 MP: 7/9
  6584 | D:6      | Found a hazy altar of Hepliaklqana.
  6718 | D:6      | Found a burning altar of Makhleb.
  6778 | D:6      | Noticed Dowan
  6780 | D:6      | Noticed Duvessa
  6784 | D:6      | Killed Duvessa
  6796 | D:6      | Killed Dowan
  7014 | D:6      | Found a shadowy altar of Dithmenos.
  7294 | D:7      | Reached skill level 11 in Axes
  7429 | D:7      | Found a broken altar of Ashenzari.
  7924 | D:7      | Paralysed by a hornet for 3 turns
  8734 | D:8      | Identified a scroll of acquirement
  8734 | D:8      | Acquired a +4 broad axe of distortion
  8810 | D:8      | Noticed Jeremiah
  9255 | D:8      | Banished Jeremiah
  9256 | D:8      | Reached XP level 10. HP: 8/55 MP: 8/11
  9429 | D:8      | Noticed Erica
  9442 | D:8      | Killed Erica
  9443 | D:8      | Reached skill level 12 in Axes
  9443 | D:8      | HP: 4/120 [poisoned by Erica (bolt of poison)]
  9905 | D:9      | Noticed a two-headed ogre
 10059 | D:9      | Found a hide-covered altar of Uskayaw.
 10102 | D:9      | Banished a two-headed ogre
 10317 | Abyss:2  | Cast into level 2 of the Abyss (unwielding a weapon of
                  | distortion)
 10343 | Abyss:2  | Reached skill level 5 in Invocations
 10416 | Abyss:2  | Noticed a starcursed mass
 10426 | Abyss:2  | Killed a starcursed mass
 10428 | Abyss:2  | Killed a starcursed mass
 10428 | Abyss:2  | Reached *** piety under Okawaru
 10429 | Abyss:2  | Reached skill level 13 in Axes
 10429 | Abyss:2  | Killed a starcursed mass
 10434 | Abyss:2  | Reached skill level 10 in Ranged Weapons
 10592 | Abyss:2  | Upgraded the game from 0.31-a0-865-g3d5d91748a to
                  | 0.31-a0-868-g674d60d6f7
 10606 | Abyss:2  | Reached XP level 11. HP: 60/99 MP: 13/13
 10625 | Abyss:2  | Noticed a rakshasa
 10639 | Abyss:2  | Noticed a tentacled starspawn
 10656 | Abyss:2  | Noticed a thrashing horror
 10669 | Abyss:2  | HP: 2/99 [thrashing horror (19)]
 10670 | Abyss:2  | Killed a tentacled starspawn
 10671 | Abyss:2  | Reached skill level 10 in Fighting
 10671 | Abyss:2  | Slain by a thrashing horror

Illustrated notes

Levels and vault maps discovered:
D:1:      arrival_zaba_pyramid, layout_basic, minivault_14,
          hangedman_decor_push, minmay_misc_feat_more_columns
D:2:      layout_basic, shapermc_ecumenical_altar_starsandcircs
D:3:      layout_basic, nicolae_ru_great_annihilating_truth, serial_shops,
          nicolae_shop_tiny_real_fake_doors, gup_sewer_entry_pipe, uniq_ijyb
D:4:      layout_rooms, mainiacjoe_overflow_cross_hatched,
          minmay_temple_entry_statues_fountains, uniq_edmund
D:5:      layout_cave_pods, okawaru_gym_becter, nicolae_overflow_crystal_walls,
          mainiacjoe_overflow_alcove_2, minmay_shop_mass,
          minmay_misc_feat_enclosed, goddamned_bats, uniq_blork_the_orc,
          uniq_prince_ribbit1, uniq_menkaure
D:6:      layout_loops_ring, nicolae_tso_swordbearing_angel,
          dk_yredelemnul_ordeal, nicolae_hepliaklqana_hazy_memory,
          grunt_dithmenos_smoke, makhleb_blood_cavern_becter, uniq_pikel,
          uniq_duvessa
D:7:      layout_basic, cheibrodos_ashenzari_chains, corexii_checkpoint_b,
          minmay_a_box_with_orc_wizards_in_it
D:8:      layout_loops_cross, serial_aquarium, aquarium_bridge_square
          [aquarium_subvault_window, aquarium_subvault_window,
          aquarium_subvault_bridge, aquarium_subvault_bridge],
          aquarium_window_2, aquarium_window_1, aquarium_view_2d,
          aquarium_balcony_double_4, reono_crystal_passage, uniq_jeremiah,
          uniq_erica
D:9:      nzn_winding_woodlands_three_and_one
          [nzn_winding_woodlands_5x15_garden, nzn_winding_woodlands_5x15_parted,
          nzn_winding_woodlands_5x15_default,
          nzn_winding_woodlands_center_pierced_h], layout_loops_ring,
          gammafunk_temple_overflow_statue, eat_drink_and_be_merry_uskayaw,
          wad_hexagon
Temple:   nicolae_temple_stand_before_the_council
Abyss:2:  base: D:9, evilmike_abyss_exit_4, hangedman_relentless_pull, base:
D:9

Skill      XL: |  1  2  3  4  5  6  7  8  9 10 11 |
---------------+----------------------------------+-----
Axes           | 3 4 5 6 7 8 10 11 13 | 13.4
Fighting       | 4 5 6 8 9 10 | 10.0
Ranged Weapons | 1 2 3 4 6 8 10 | 10.4
Invocations    | 2 3 5 |  5.5
Armour         | |  3.6
Shields        | |  3.6

Action                     |  1- 3 |  4- 6 |  7- 9 | 10-12 || total
---------------------------+-------+-------+-------+-------++-------
  Melee: War axe           |    70 |   148 |   209 |       ||   427
         Headbutt          |     7 |    15 |    36 |    18 ||    76
         Punch             |       |       |     4 |     2 ||     6
         Broad axe         |       |       |    39 |   102 ||   141
         Unarmed           |       |       |     2 |       ||     2
   Fire: Sling             |     3 |    39 |    17 |       ||    59
         Orcbow            |       |       |    48 |       ||    48
         Arbalest          |       |       |    39 |       ||    39
  Throw: Dart              |       |     2 |    27 |     1 ||    30
         Boomerang         |       |       |    47 |     3 ||    50
 Invoke: Heroism           |       |       |    10 |     5 ||    15
  Evoke: Wand              |       |       |    16 |       ||    16
    Use: Scroll            |     6 |     3 |     9 |     6 ||    24
         Potion            |       |     1 |     2 |     4 ||     7
   Stab: Paralysed         |       |     1 |       |       ||     1
 Armour: Scale mail        |    42 |    48 |       |       ||    90
         Chain mail        |       |    78 |   242 |    71 ||   391
         Skin              |       |       |     4 |       ||     4
         Plate armour      |       |       |       |    62 ||    62
  Dodge: Dodged            |    23 |    79 |   104 |    45 ||   251
  Block: Buckler           |    18 |    49 |    14 |       ||    81

Table legend: (Time is in decaauts)
 A = Elapsed time spent in this place.
 B = Non-inter-level travel time spent in this place.
 C = Inter-level travel time spent in this place.
 D = Time resting spent in this place.
 E = Time spent auto-exploring this place.
 F = Levels seen in this place.
 G = Mean time per level.
                   A        B        C        D        E       F      G
               +--------+--------+--------+--------+--------+-----+--------+
         Total |  10841 |  10691 |    150 |   2708 |   5626 |  12 |  903.4 |
       Dungeon |   9810 |   9660 |    150 |   2269 |   5282 |   9 | 1090.0 |
        Temple |     23 |     23 |      0 |      0 |      0 |   1 |   23.0 |
         Abyss |    349 |    349 |      0 |     66 |    182 |   1 |  349.0 |
         Sewer |    658 |    658 |      0 |    373 |    161 |   1 |  658.0 |
               +--------+--------+--------+--------+--------+-----+--------+

Top non-repeatable levels by time:
     D:6: 1508 daAuts
     D:7: 1494 daAuts
     D:3: 1487 daAuts
     D:8: 1309 daAuts
     D:5: 1285 daAuts
     D:4: 1060 daAuts
     D:2: 746 daAuts
   Sewer: 658 daAuts
     D:1: 656 daAuts
 Abyss:2: 349 daAuts
     D:9: 261 daAuts
  Temple: 23 daAuts
